 Dungeon Crawl Stone Soup version 0.31-a0-152-g6aa68a64a1 (webtiles) character file.

Game seed: 2079491920444860412

2608 qw the Skirmisher (level 9, -1/82 HPs)
             Began as a Naga Hunter on June 10, 2023.
             Succumbed to a water moccasin's poison
             ... on level 7 of the Dungeon.
             The game lasted 00:02:08 (5439 turns).

qw the Skirmisher (Naga Hunter)                     Turns: 5439, Time: 00:02:08

Health: -1/82      AC:  6    Str: 15    XL:     9   Next: 59%
Magic:  9/9        EV: 12    Int:  9    God:
Gold:   180        SH:  0    Dex: 24    Spells: 8/8 levels left

rFire   . . .        Y - +0 shortbow (chaos)
rCold   . . .        (shield currently unavailable)
rNeg    . . .        c - +0 leather armour
rPois   +            j - +0 helmet
rElec   .            (no cloak)
rCorr   .            f - +0 pair of gloves
SInv    +            (no barding)
Will    +....        (no amulet)
Stlth   ++           e - +6 ring of dexterity
HPRegen 0.33/turn    (no ring)
MPRegen 0.11/turn

%: no passive effects
@: lethally poisoned (-1 -> -7), short of breath, very slow
A: AC +3, large, see invisible, deformed body, poison resistance, slowness 2,
spit poison 1, naga tail 1
a: Spit Poison


You were on level 7 of the Dungeon.
You visited 2 branches of the dungeon, and saw 8 of its levels.

You collected 378 gold pieces.
You spent 198 gold pieces at shops.


Innate Abilities, Weirdness & Mutations

Your serpentine skin is tough. (AC +3)
You have supernaturally acute eyesight. (SInv)
Armour fits poorly on your strangely shaped body.
Your system is resistant to poisons. (rPois)
You cover ground very slowly.
You can spit poison.
You have a snake-like lower body.


   Skills:
 + Level 6.0 Fighting
 - Level 10.0 Ranged Weapons
 - Level 2.0 Armour
 - Level 4.0 Dodging
 - Level 1.5 Stealth


You had 8 spell levels left.
You didn't know any spells.
Your spell library was empty.

Inventory:

Hand Weapons
 Y - a +0 shortbow of chaos (weapon)
Armour
 c - a +0 leather armour (worn)
 f - a +0 pair of gloves (worn)
 j - a +0 helmet (worn)
Jewellery
 e - a +6 ring of dexterity (left hand)
Scrolls
 o - a scroll of identify
Potions
 a - a potion of might
 d - a potion of resistance
 g - a potion of attraction {unknown}
 h - a potion of enlightenment {unknown}
 i - a potion of ambrosia {unknown}
 k - a potion of magic {unknown}
 l - a potion of curing
 m - a potion of haste
 n - a potion of degeneration {unknown}
 p - a potion of mutation {unknown}
 q - a potion of lignification {unknown}

Dungeon Overview and Level Annotations

Branches:
Dungeon (7/15)             Temple (1/1) D:5

Altars:
Ashenzari
Cheibriados
Elyvilon
Fedhas
Gozag
Kikubaaqudgha
Makhleb
Nemelex Xobeh
Qazlal
Ru
Uskayaw
Vehumet
Xom
Yredelemnul
Zin

Shops:
D:4 !:


Message History

You feel much better.
You feel sick. The water moccasin bites you. The white imp closely misses you.
The water moccasin bites you.
You are more poisoned.
The water moccasin poisons you!
You shoot an arrow.
The arrow closely misses the water moccasin.
You feel very sick. The water moccasin closely misses you.
The white imp closely misses you.
You shoot an arrow. The arrow hits the water moccasin.
The water moccasin is poisoned.
The water moccasin is lightly wounded.
You have got your breath back.
You feel very sick. The water moccasin bites you.
The white imp gestures at you. The puff of frost hits you.
You shoot an arrow. The arrow hits the water moccasin!
The water moccasin is moderately wounded.
You feel very sick.
The water moccasin bites you but does no damage.
The white imp gestures at you. The puff of frost misses you.
The water moccasin bites you.
You shoot an arrow. The arrow hits the water moccasin!
The water moccasin seems to slow down.
The arrow freezes the water moccasin.
The water moccasin is severely wounded.
You feel sick.
A centaur comes into view.
The centaur wields a +0 orcbow.
The centaur shoots an arrow.
The arrow hits you. The white imp barely misses you.
5438 ||| INVOKING Spit Poison.
Aiming: Spit Poison (1% risk of failure)
Press: ? - help, Shift-Dir - straight line, f - centaur, p - water moccasin The splash of poison hits the centaur.
The centaur is poisoned.
The centaur is lightly wounded.
You feel sick. The water moccasin barely misses you.
The white imp closely misses you.
You shoot an arrow. The arrow hits the water moccasin!
You kill the water moccasin!
You die...

#............
####.........
#......... ####
#.######## >...
#.# ....
...####.#### ....
........c..# ....
...........## ....
...........@# ....
..........%5)#
....
...........#.....
###
##.........###)..#
...........# .###
...........# .
..........# .
.........# ..


You could see a centaur (poisoned) and a white imp.

Vanquished Creatures
  Prince Ribbit (D:6)
  3 water moccasins
  Duvessa (D:6)
  An orc warrior (D:7)
  2 black bears
  3 ogres
  2 centaurs
  2 bullfrogs
  2 scorpions
  4 wights
  Dowan (D:6)
  3 howler monkeys
  6 hounds
  3 jellies
  2 orc priests
  3 iguanas
  Terence (D:2)
  A sleepcap (D:4)
  4 orc wizards
  4 gnolls (D:5)
  8 adders
  A shadow imp (D:5)
  An ufetubus (D:5)
  4 worms
  3 dart slugs
  26 orcs
  5 ball pythons
  6 bats
  7 endoplasms
  5 giant cockroaches
  8 goblins
  9 hobgoblins
  2 jackals (D:4)
  2 quokkas
  2 frilled lizards (D:1)
  3 kobolds
  10 rats
151 creatures vanquished.

Notes
Turn   | Place    | Note
-------+----------+-------------------------------------------
     0 | D:1      | qw the Naga Hunter began the quest for the Orb.
     0 | D:1      | Reached XP level 1. HP: 19/19 MP: 1/1
     0 | D:1      | 0 ||| qw: Version: 0.2-a-123-gb51047a
     0 | D:1      | 0 ||| qw: Game counter: 3704
     0 | D:1      | 0 ||| qw: Always use a shield: true
     0 | D:1      | 0 ||| qw: God list: Okawaru
     0 | D:1      | 0 ||| qw: Allow faded altars: false
     0 | D:1      | 0 ||| qw: Do Orc after D:15 true
     0 | D:1      | 0 ||| qw: Do second Lair branch before Depths: true
     0 | D:1      | 0 ||| qw: Lair rune preference: random
     0 | D:1      | 0 ||| qw: Plans: Normal
     0 | D:1      | 0 ||| PLANNING D:1-11
    15 | D:1      | 15 ||| INVOKING Spit Poison.
    33 | D:1      | 33 ||| INVOKING Spit Poison.
    61 | D:1      | 61 ||| INVOKING Spit Poison.
   157 | D:1      | 157 ||| INVOKING Spit Poison.
   161 | D:1      | 161 ||| INVOKING Spit Poison.
   197 | D:1      | 197 ||| INVOKING Spit Poison.
   200 | D:1      | Reached skill level 4 in Ranged Weapons
   200 | D:1      | Reached XP level 2. HP: 20/26 MP: 2/2
   272 | D:1      | 272 ||| INVOKING Spit Poison.
   276 | D:1      | 276 ||| INVOKING Spit Poison.
   430 | D:1      | 430 ||| INVOKING Spit Poison.
   565 | D:1      | 565 ||| INVOKING Spit Poison.
   568 | D:1      | 568 ||| INVOKING Spit Poison.
   597 | D:1      | 597 ||| INVOKING Spit Poison.
   622 | D:1      | 622 ||| INVOKING Spit Poison.
   659 | D:1      | 659 ||| INVOKING Spit Poison.
   664 | D:1      | Reached XP level 3. HP: 32/32 MP: 3/3
   696 | D:1      | 696 ||| INVOKING Spit Poison.
   788 | D:1      | 788 ||| READING scroll labelled ALEBRUE JELIU.
   789 | D:1      | 789 ||| READING scroll labelled DEKLIP NEAR.
   790 | D:1      | 790 ||| READING scroll labelled TIMEQI TYWU.
   791 | D:1      | 791 ||| READING scroll labelled OJI GAAJYRGHIFANNO.
   792 | D:1      | 792 ||| DROPPING scroll of butterflies.
   895 | D:2      | 895 ||| INVOKING Spit Poison.
   936 | D:2      | 936 ||| INVOKING Spit Poison.
   952 | D:2      | 952 ||| INVOKING Spit Poison.
   963 | D:2      | 963 ||| INVOKING Spit Poison.
   969 | D:2      | 969 ||| INVOKING Spit Poison.
   973 | D:2      | 973 ||| INVOKING Spit Poison.
   977 | D:2      | 977 ||| INVOKING Spit Poison.
  1012 | D:2      | Noticed Terence
  1013 | D:2      | 1013 ||| INVOKING Spit Poison.
  1016 | D:2      | Killed Terence
  1017 | D:2      | Reached skill level 5 in Ranged Weapons
  1017 | D:2      | Reached XP level 4. HP: 39/39 MP: 4/4
  1031 | D:2      | Identified the +1 whip of the Spheres {drain, Fragile Fly
                  | rN+ Str+3}
  1112 | D:2      | 1112 ||| INVOKING Spit Poison.
  1156 | D:2      | 1156 ||| INVOKING Spit Poison.
  1256 | D:2      | 1256 ||| INVOKING Spit Poison.
  1416 | D:2      | 1416 ||| UPGRADING to +0 pair of gloves.
  1421 | D:2      | 1421 ||| UPGRADING to +6 ring of dexterity.
  1422 | D:2      | 1422 ||| READING scroll labelled TEGAGOFFOE.
  1513 | D:3      | 1513 ||| INVOKING Spit Poison.
  1519 | D:3      | 1519 ||| INVOKING Spit Poison.
  1525 | D:3      | 1525 ||| INVOKING Spit Poison.
  1531 | D:3      | 1531 ||| INVOKING Spit Poison.
  1682 | D:3      | 1682 ||| INVOKING Spit Poison.
  1734 | D:3      | 1734 ||| INVOKING Spit Poison.
  1739 | D:3      | 1739 ||| INVOKING Spit Poison.
  1742 | D:3      | 1742 ||| INVOKING Spit Poison.
  1746 | D:3      | Reached XP level 5. HP: 44/48 MP: 5/5
  1759 | D:3      | Reached skill level 3 in Fighting
  1783 | D:3      | 1783 ||| INVOKING Spit Poison.
  1805 | D:3      | 1805 ||| INVOKING Spit Poison.
  1870 | D:3      | 1870 ||| INVOKING Spit Poison.
  1875 | D:3      | 1875 ||| INVOKING Spit Poison.
  1949 | D:3      | 1949 ||| INVOKING Spit Poison.
  1954 | D:3      | 1954 ||| INVOKING Spit Poison.
  2007 | D:3      | 2007 ||| INVOKING Spit Poison.
  2062 | D:3      | 2062 ||| INVOKING Spit Poison.
  2086 | D:3      | 2086 ||| INVOKING Spit Poison.
  2126 | D:3      | 2126 ||| INVOKING Spit Poison.
  2134 | D:3      | 2134 ||| INVOKING Spit Poison.
  2138 | D:3      | 2138 ||| INVOKING Spit Poison.
  2446 | D:3      | 2446 ||| DRINKING 2 cyan potions.
  2461 | D:4      | 2461 ||| INVOKING Spit Poison.
  2462 | D:4      | 2462 ||| STAIRDANCE
  2505 | D:4      | 2505 ||| INVOKING Spit Poison.
  2508 | D:4      | 2508 ||| STAIRDANCE
  2510 | D:3      | 2510 ||| DRINKING potion of curing.
  2510 | D:3      | 2510 ||| (to cure confusion)
  2513 | D:4      | 2513 ||| STAIRDANCE
  2515 | D:3      | 2515 ||| INVOKING Spit Poison.
  2558 | D:4      | 2558 ||| INVOKING Spit Poison.
  2559 | D:4      | 2559 ||| STAIRDANCE
  2561 | D:3      | 2561 ||| INVOKING Spit Poison.
  2564 | D:3      | 2564 ||| INVOKING Spit Poison.
  2567 | D:3      | 2567 ||| INVOKING Spit Poison.
  2571 | D:3      | 2571 ||| INVOKING Spit Poison.
  2694 | D:4      | 2694 ||| INVOKING Spit Poison.
  2696 | D:4      | Reached XP level 6. HP: 56/56 MP: 6/6
  2722 | D:4      | 2722 ||| INVOKING Spit Poison.
  2782 | D:4      | 2782 ||| INVOKING Spit Poison.
  2789 | D:4      | Reached skill level 6 in Ranged Weapons
  2844 | D:4      | 2844 ||| INVOKING Spit Poison.
  2851 | D:4      | 2851 ||| INVOKING Spit Poison.
  2858 | D:4      | 2858 ||| INVOKING Spit Poison.
  2973 | D:4      | 2973 ||| INVOKING Spit Poison.
  2976 | D:4      | 2976 ||| INVOKING Spit Poison.
  2982 | D:4      | 2982 ||| INVOKING Spit Poison.
  3001 | D:4      | 3001 ||| INVOKING Spit Poison.
  3008 | D:4      | 3008 ||| INVOKING Spit Poison.
  3111 | D:4      | 3111 ||| INVOKING Spit Poison.
  3119 | D:4      | Found Nuofaog's Distillery.
  3127 | D:4      | 3127 ||| BUYING potion of curing (33 gold).
  3127 | D:4      | Bought a potion of curing for 33 gold pieces
  3127 | D:4      | 3127 ||| BUYING potion of haste (110 gold).
  3127 | D:4      | Bought a potion of haste for 110 gold pieces
  3127 | D:4      | 3127 ||| BUYING potion of heal wounds (55 gold).
  3127 | D:4      | Bought a potion of heal wounds for 55 gold pieces
  3127 | D:4      | 3127 ||| SHOPLISTING potion of resistance (110 gold, have
                  | 5).
  3194 | D:4      | 3194 ||| INVOKING Spit Poison.
  3195 | D:4      | 3195 ||| INVOKING Spit Poison.
  3304 | D:4      | Found Jiamugio's Vocational Training.
  3314 | D:4      | 3314 ||| UPGRADING to +0 helmet.
  3328 | D:5      | Entered Level 5 of the Dungeon
  3329 | D:5      | 3329 ||| PLANNING SEWER
  3329 | D:5      | 3329 ||| INVOKING Spit Poison.
  3341 | D:5      | 3341 ||| INVOKING Spit Poison.
  3343 | D:5      | Reached XP level 7. HP: 64/64 MP: 7/7
  3348 | D:5      | 3348 ||| INVOKING Spit Poison.
  3386 | D:5      | 3386 ||| INVOKING Spit Poison.
  3390 | D:5      | 3390 ||| INVOKING Spit Poison.
  3391 | D:5      | Reached skill level 7 in Ranged Weapons
  3393 | D:5      | 3393 ||| INVOKING Spit Poison.
  3514 | D:5      | 3514 ||| INVOKING Spit Poison.
  3521 | D:5      | 3521 ||| INVOKING Spit Poison.
  3627 | D:5      | Found a white marble altar of Elyvilon.
  3638 | D:5      | 3638 ||| INVOKING Spit Poison.
  3645 | D:5      | 3645 ||| INVOKING Spit Poison.
  3659 | D:5      | 3659 ||| INVOKING Spit Poison.
  3665 | D:5      | 3665 ||| INVOKING Spit Poison.
  3698 | D:5      | Found a blossoming altar of Fedhas.
  3706 | D:5      | 3706 ||| INVOKING Spit Poison.
  3720 | D:5      | Found a snail-covered altar of Cheibriados.
  3743 | D:5      | 3743 ||| INVOKING Spit Poison.
  3814 | D:5      | 3814 ||| INVOKING Spit Poison.
  3863 | D:5      | Found a staircase to the Ecumenical Temple.
  3871 | D:5      | 3871 ||| INVOKING Spit Poison.
  3874 | D:5      | Reached XP level 8. HP: 72/72 MP: 8/8
  3882 | D:5      | 3882 ||| INVOKING Spit Poison.
  3886 | D:5      | 3886 ||| INVOKING Spit Poison.
  3899 | D:5      | 3899 ||| INVOKING Spit Poison.
  3931 | D:5      | 3931 ||| INVOKING Spit Poison.
  3935 | D:5      | 3935 ||| RIP SEWER
  3978 | D:5      | 3978 ||| PLANNING TEMPLE
  3978 | D:5      | 3978 ||| READING scroll labelled GAEBUR HAET.
  3979 | D:5      | 3979 ||| DRINKING 2 viscous grey potions.
  4005 | Temple   | Entered the Ecumenical Temple
  4042 | Temple   | 4042 ||| PLANNING D:1-11
  4119 | D:5      | 4119 ||| INVOKING Spit Poison.
  4126 | D:5      | 4126 ||| INVOKING Spit Poison.
  4244 | D:5      | 4244 ||| INVOKING Spit Poison.
  4247 | D:5      | Reached skill level 8 in Ranged Weapons
  4329 | D:5      | 4329 ||| INVOKING Spit Poison.
  4381 | D:5      | 4381 ||| READING scroll labelled ULOMIKU LIOFE.
  4462 | D:6      | Reached skill level 3 in Dodging
  4508 | D:6      | Noticed Duvessa
  4508 | D:6      | Noticed Dowan
  4509 | D:6      | 4509 ||| INVOKING Spit Poison.
  4512 | D:6      | 4512 ||| Stepping ~*~*~tactically~*~*~ (outnumbered).
  4513 | D:6      | 4513 ||| Stepping ~*~*~tactically~*~*~ (outnumbered).
  4515 | D:6      | 4515 ||| INVOKING Spit Poison.
  4519 | D:6      | 4519 ||| INVOKING Spit Poison.
  4522 | D:6      | Killed Duvessa
  4523 | D:6      | 4523 ||| INVOKING Spit Poison.
  4526 | D:6      | 4526 ||| INVOKING Spit Poison.
  4529 | D:6      | Killed Dowan
  4534 | D:6      | 4534 ||| INVOKING Spit Poison.
  4587 | D:6      | 4587 ||| INVOKING Spit Poison.
  4592 | D:6      | 4592 ||| INVOKING Spit Poison.
  4697 | D:6      | Reached skill level 9 in Ranged Weapons
  4697 | D:6      | Reached XP level 9. HP: 76/81 MP: 9/9
  4716 | D:6      | 4716 ||| READING scroll of brand weapon.
  4716 | D:6      | 4716 ||| BRANDING +0 shortbow of flaming.
  4826 | D:6      | 4826 ||| INVOKING Spit Poison.
  4830 | D:6      | 4830 ||| INVOKING Spit Poison.
  4836 | D:6      | 4836 ||| INVOKING Spit Poison.
  4843 | D:6      | 4843 ||| INVOKING Spit Poison.
  4878 | D:6      | 4878 ||| INVOKING Spit Poison.
  4883 | D:6      | 4883 ||| INVOKING Spit Poison.
  4884 | D:6      | Reached skill level 6 in Fighting
  4890 | D:6      | 4890 ||| INVOKING Spit Poison.
  4898 | D:6      | 4898 ||| INVOKING Spit Poison.
  4961 | D:6      | 4961 ||| INVOKING Spit Poison.
  4968 | D:6      | 4968 ||| INVOKING Spit Poison.
  4977 | D:6      | 4977 ||| INVOKING Spit Poison.
  5269 | D:6      | 5269 ||| READING 2 scrolls of identify.
  5269 | D:6      | 5269 ||| IDENTIFYING white potion
  5286 | D:7      | Noticed Prince Ribbit
  5287 | D:7      | 5287 ||| INVOKING Spit Poison.
  5293 | D:7      | 5293 ||| STAIRDANCE
  5295 | D:6      | 5295 ||| INVOKING Spit Poison.
  5296 | D:6      | Killed Prince Ribbit
  5343 | D:7      | 5343 ||| INVOKING Spit Poison.
  5397 | D:7      | 5397 ||| INVOKING Spit Poison.
  5402 | D:7      | Reached skill level 10 in Ranged Weapons
  5402 | D:7      | 5402 ||| INVOKING Spit Poison.
  5410 | D:7      | 5410 ||| INVOKING Spit Poison.
  5418 | D:7      | 5418 ||| INVOKING Spit Poison.
  5423 | D:7      | HP: 18/82 [white imp/puff of frost (7)]
  5424 | D:7      | 5424 ||| DRINKING 2 potions of heal wounds.
  5425 | D:7      | 5425 ||| INVOKING Spit Poison.
  5431 | D:7      | 5431 ||| INVOKING Spit Poison.
  5432 | D:7      | HP: 13/82 [white imp/puff of frost (9)]
  5433 | D:7      | 5433 ||| DRINKING potion of heal wounds.
  5436 | D:7      | HP: 6/82 [water moccasin (3)]
  5438 | D:7      | 5438 ||| INVOKING Spit Poison.
  5438 | D:7      | HP: 1/82 [poisoned by a water moccasin]
  5439 | D:7      | Succumbed to a water moccasin's poison

Levels and vault maps discovered:
D:1:      saegor_arrival_under_anarchy, layout_basic
D:2:      layout_loops_ring, uniq_terence
D:3:      layout_loops_corners, kennysheep_generic_room_13
D:4:      layout_rooms, serial_shops, shop, grunt_ministairs_9,
          nicolae_shop_vocational
D:5:      minmay_skewed_foursquare, layout_gridville, fedhas_altar_3,
          elyvilon_altar_5, nicolae_overflow_crystal_walls,
          minmay_temple_entry_glass, gup_sewer_entry_bubbles
D:6:      layout_basic, uniq_duvessa
D:7:      layout_basic, kennysheep_pointless_box, uniq_prince_ribbit1,
          uniq_pikel
Temple:   nicolae_temple_ecumenical_triangle

Skill      XL: |  1  2  3  4  5  6  7  8  9 |
---------------+----------------------------+-----
Ranged Weapons | 4 5 6 7 9 10 | 10.0
Fighting       | 3 4 5 6 |  6.0
Dodging        | 2 3 4 |  4.0
Armour         | 2 |  2.0
Stealth        | |  1.5

Action                     |  1- 3 |  4- 6 |  7- 9 || total
---------------------------+-------+-------+-------++-------
   Fire: Shortbow          |    50 |   132 |   192 ||   374
Ability: Spit Poison       |    23 |    46 |    51 ||   120
    Use: Scroll            |     4 |     1 |     4 ||     9
         Potion            |       |     2 |     3 ||     5
 Armour: Leather armour    |     1 |    14 |    21 ||    36
  Dodge: Dodged            |     7 |    39 |    60 ||   106

Table legend:
 A = Non-vault XP
 B = Vault XP
 C = Vault XP percentage of total XP
 D = Non-vault monster count
 E = Vault monster count
 F = Vault count percentage of total count
                 A         B        C        D         E       F
            +---------+---------+-------+---------+---------+-------
      Total |    2921 |     950 |  24.5 |     128 |      23 |  15.2
            +---------+---------+-------+---------+---------+-------
        D:1 |      40 |       0 |   0.0 |      23 |       0 |   0.0
        D:2 |      54 |      36 |  40.0 |      14 |       1 |   6.7
        D:3 |      85 |      96 |  53.0 |      27 |       5 |  15.6
        D:4 |     238 |       6 |   2.5 |      18 |       2 |  10.0
        D:5 |     572 |     327 |  36.4 |      18 |      12 |  40.0
        D:6 |    1173 |     485 |  29.3 |      19 |       3 |  13.6
        D:7 |     759 |       0 |   0.0 |       9 |       0 |   0.0
            +---------+---------+-------+---------+---------+-------
